 Dungeon Crawl Stone Soup version 0.23-a0-270-gab6feb3 (webtiles) character file.

86802 tilp the Impaler (level 15, -24/110 HPs)
             Began as a Merfolk Ice Elementalist on Oct 1, 2018.
             Was a High Priest of Makhleb.
             Killed from afar by Louise (41 damage)
             ... with a bolt of lightning
             ... on level 1 of the Swamp.
             The game lasted 02:03:12 (33531 turns).

tilp the Impaler (Merfolk Ice Elementalist)        Turns: 33531, Time: 02:03:12

Health: -24/110    AC: 13    Str: 13    XL:     15   Next: 88%
Magic:  28/28      EV: 18    Int: 23    God:    Makhleb [*****.]
Gold:   709        SH:  0    Dex: 14    Spells: 9/32 levels left

rFire    + . .     SeeInvis .   a - +4 glaive
rCold    + . .     Gourm    .   (shield currently unavailable)
rNeg     . . .     Faith    .   w - +2 robe {rC+ rF+}
rPois    .         Spirit   .   i - +1 helmet (curse)
rElec    .         Reflect  .   o - +1 cloak
rCorr    .         Harm     .   J - +2 pair of gloves
MR       +++..                  K - +1 pair of boots
Stlth    ++........             (no amulet)
HPRegen  0.28/turn              t - +3 ring of strength
MPRegen  0.21/turn              T - ring of the Mage {Wiz MR++ Int+3}

@: berserk cooldown, slowed, very slow
A: change form in water, swift swim, stealthy swim
a: Minor Destruction, Lesser Servant of Makhleb, Major Destruction, Greater
Servant of Makhleb, Renounce Religion


You were on level 1 of the Swamp.
You worshipped Makhleb.
Makhleb was extremely pleased with you.
You were not hungry.

You visited 4 branches of the dungeon, and saw 24 of its levels.

You collected 2670 gold pieces.
You spent 1961 gold pieces at shops.

Inventory:

Hand Weapons
 a - a +4 glaive (weapon)
 b - a +4 scimitar of flaming
 S - a +0 bardiche
Missiles
 l - 30 tomahawks (quivered)
 y - 3 silver javelins
Armour
 i - a cursed +1 helmet (worn)
 o - a +1 cloak (worn)
 w - a +2 robe of resistance (worn)
 J - a +2 pair of gloves (worn)
 K - a +1 pair of boots (worn)
 R - a +1 robe of magic resistance
Jewellery
 d - an uncursed ring of resist corrosion
 f - an uncursed ring of protection from fire
 t - a +3 ring of strength (left hand)
 x - an uncursed ring of see invisible
 H - an uncursed ring of protection from cold
 I - a +5 ring of intelligence
 T - the ring of the Mage (right hand) {Wiz MR++ Int+3}
   (You bought it in a shop on level 2 of the Orcish Mines)

   [ring of wizardry]

   It improves your spell success rate.
   It affects your intelligence (+3).
   It affects your resistance to hostile enchantments.
Wands
 h - a wand of iceblast (10)
 k - a wand of enslavement (23)
 r - a wand of paralysis (22)
 C - a wand of flame (50)
 D - a wand of digging (15)
 Q - a wand of polymorph (12)
 W - a wand of acid (4)
Scrolls
 g - 15 scrolls of remove curse
 m - 13 scrolls of identify
 s - 3 scrolls of fog
 u - a scroll of amnesia
 M - a scroll of enchant weapon
 N - 3 scrolls of magic mapping
Potions
 e - 2 potions of ambrosia
 n - a potion of haste
 p - a potion of agility
 q - 8 potions of might
 v - a potion of brilliance
 A - 2 potions of mutation
 B - 3 potions of magic
 E - 2 potions of resistance
 F - 4 potions of curing
 O - 2 potions of flight
 V - a potion of lignification
 Z - 2 potions of cancellation
Miscellaneous
 j - a lamp of fire (inert)
Comestibles
 c - 30 rations


   Skills:
 - Level 8.0 Fighting
 - Level 20.0 Polearms
 - Level 10.1 Dodging
 - Level 2.1 Stealth
 + Level 9.1 Spellcasting
 - Level 6.0 Conjurations
 - Level 4.0 Charms
 * Level 14.2 Ice Magic
 - Level 5.0 Invocations
 - Level 10.0 Evocations


You had 9 spell levels left.
You knew the following spells:

 Your Spells              Type           Power        Failure   Level  Hunger
a - Freeze                Ice            ####         0%          1    None
b - Throw Frost           Conj/Ice       ######       1%          2    None
c - Ozocubu's Armour      Chrm/Ice       ######..     1%          3    None
d - Throw Icicle          Conj/Ice       ######..     1%          4    ##.....
e - Conjure Flame         Conj/Fire      ###.....     2%          3    None
f - Blink                 Tloc           N/A          4%          2    None
g - Freezing Cloud        Conj/Ice/Air   #####.....   24%         6    ######.
h - Swiftness             Chrm/Air       ###.....     1%          2    None

Your spell library contained the following spells:

 Spells                   Type           Power        Failure   Level  Hunger
 Magic Dart               Conj           ####         1%          1    None
 Shock                    Conj/Air       ###.         1%          1    None
 Ensorcelled Hibernation  Hex/Ice        #####.       1%          2    None
 Summon Ice Beast         Ice/Summ       #####...     1%          4    ##.....
 Animate Skeleton         Necr           N/A          2%          1    None
 Apportation              Tloc           ##....       2%          1    None
 Beastly Appendage        Tmut           ##....       2%          1    None
 Confusing Touch          Hex            ##....       2%          1    None
 Sandblast                Erth           ##....       2%          1    None
 Summon Small Mammal      Summ           ##..         2%          1    None
 Static Discharge         Conj/Air       ###.....     2%          3    None
 Mephitic Cloud           Conj/Pois/Air  ###.....     3%          3    None
 Call Imp                 Summ           ##......     4%          2    None
 Poisonous Vapours        Pois/Air       ##....       4%          2    None
 Slow                     Hex            ##......     4%          2    None
 Sticks to Snakes         Tmut           ##......     4%          2    None
 Ignite Poison            Fire/Tmut/Pois ##......     8%          3    None
 Irradiate                Conj/Tmut      ###.......   21%         5    ####...
 Lightning Bolt           Conj/Air       ###.......   21%         5    ####...
 Airstrike                Air            ##........   24%         4    ##.....
 Olgreb's Toxic Radiance  Pois           ##......     24%         4    ##.....
 Borgnjor's Vile Clutch   Necr/Erth      ##........   52%         5    ####...
 Silence                  Hex/Air        ##........   52%         5    ####...
 Yara's Violent Unravell  Hex/Tmut       ##........   52%         5    ####...
 Darkness                 Hex            ##........   97%         6    ######.
 Shadow Creatures         Summ           N/A          97%         6    ######.
 Statue Form              Tmut/Erth      ##.......    97%         6    ######.
 Ring of Flames           Chrm/Fire      ###.......   100%        7    #######
 Tornado                  Air            ##........   100%        9    #######


Dungeon Overview and Level Annotations

Branches:
Dungeon (15/15)            Temple (0/1) D:6            Lair (6/6) D:9
  Swamp (1/4) Lair:4       Spider (0/4) Lair:4        Slime (0/5) Lair:6
    Orc (2/2) D:9             Elf (0/3) Orc:2        Vaults (0/5) D:13
 Depths: D:15

Altars:
Ashenzari
Dithmenos
Fedhas
Gozag
Hepliaklqana
Makhleb
Nemelex Xobeh
Qazlal
Sif Muna
Uskayaw
Xom
Zin
The Shining One
Beogh
Jiyva

Shops:
D:11 *   Orc:2 *=[!

Annotations:
D:10 Fannar
D:12 Frances
Swamp:1 Louise
Orc:2 1 runed door, George's ghost, journeyman MiFi


Message History

Unknown command.
You're too confused to move!
Your surroundings seem slightly different.
Your +1 pair of boots unmelds from your body.
You feel better.
You feel less invigorated. The swamp worm misses you. x2
Okay, then.
Your legs become a tail as you enter the water.
Your +1 pair of boots melds into your body.
Louise laughs uncontrollably.
Your +1 pair of boots unmelds from your body.
The swamp worm bites you but does no damage.
The swamp worm throws harpoon shot at you.
The harpoon shot hits you!
* * * LOW HITPOINT WARNING * * *
You are yanked forward by the harpoon shot.
The swamp worm bites you.
* * * LOW HITPOINT WARNING * * *
Louise gestures at you while chanting. The bolt of lightning hits you!
You die...

.... ♣.≈.♣♣
♣.♣≈♣ ♣...♣
♣♣..♣.♣♣♣≈≈♣♣
♣.≈...♣...@♣
♣≈≈≈≈.D§≈.♣
♣♣.≈.≈..≈..♣
♣.≈≈≈≈≈%≈≈≈♣
.≈♣..w..≈≈♣♣
...≈.♣.@.....♣
.♣...♣♣..♣.≈.♣
♣.♣♣.≈.♣
♣.♣♣♣..♣ ♣.♣
≈§.♣ ≈≈. ♣.♣♣
♣.♣ ♣♣ ♣♣♣


You could see Louise, a four-headed hydra and a swamp worm.

Vanquished Creatures
  Kirke (Swamp:1)
  Azrael (D:13)
  Josephine (D:10)
  4 vault guards (D:13)
  7 hydras
  An ogre mage (D:15)
  4 centaur warriors
  15 death yaks
  4 catoblepae
  6 two-headed ogres
  A tengu warrior (D:15)
  3 orc high priests
  A lindwurm (Lair:6)
  2 unseen horrors
  A swamp dragon (Swamp:1)
  6 orc knights (Orc:2)
  Pikel (D:5)
  6 orc sorcerers
  7 ugly things
  2 manticores
  A cyclops (D:14)
  10 elephants
  3 black mambas
  A centaur zombie (D:14)
  A gargoyle (D:11)
  A rime drake (Lair:4)
  14 spiny frogs
  A freezing wraith (D:13)
  9 komodo dragons
  2 efreet (D:14)
  A tengu conjurer (D:15)
  7 trolls
  A polar bear (Lair:2)
  7 slime creatures
  A hornet (D:7)
  14 hippogriffs
  4 dream sheep (Lair:6)
  A spriggan (D:10)
  2 fire elementals (D:13)
  2 basilisks
  5 wraiths
  A yak (shapeshifter) (D:14)
  19 yaks
  4 wyverns
  5 vampire mosquitoes
  2 hungry ghosts
  5 wargs
  An acid dragon (D:11)
  7 porcupines
  4 hell hounds (D:13)
  9 water moccasins
  A black bear (D:13)
  6 ice beasts
  2 sky beasts
  A swamp drake (Swamp:1)
  11 ogres
  2 phantoms
  29 orc warriors
  An eye of draining (D:14)
  A necrophage (D:10)
  19 centaurs
  8 crocodiles
  2 big kobolds
  12 bullfrogs
  A water moccasin zombie (D:5)
  A water moccasin skeleton (D:7)
  5 scorpions
  8 killer bees
  6 wights
  3 howler monkeys
  10 crimson imps
  An electric eel (Lair:4)
  5 bullfrog zombies
  8 hounds
  4 centaur skeletons
  19 orc priests
  3 bullfrog skeletons
  3 iguanas
  Terence (D:3)
  21 orc wizards
  18 worker ants
  A hound zombie (D:7)
  3 gnolls (D:8)
  9 adders
  6 shadow imps
  An ooze (D:1)
  3 adder skeletons
  5 worms
  5 dart slugs
  5 leopard geckos
  79 orcs
  12 giant cockroaches
  10 goblins
  5 hobgoblins
  10 jackals
  16 kobolds
  4 quokkas
  3 ball pythons
  11 bats
  4 frilled lizards
  A leopard gecko zombie (D:6)
  A quokka skeleton (D:5)
  A quokka zombie (D:8)
  6 rats
632 creatures vanquished.

Vanquished Creatures (collateral kills)
  3 hydras
  A catoblepas (Lair:6)
  An orc high priest (Orc:2)
  An orc knight (D:9)
  2 orc sorcerers (Orc:2)
  A manticore (Lair:6)
  Joseph (D:10)
  A rime drake (Lair:4)
  A demonic crawler (Lair:6)
  A komodo dragon (Lair:3)
  2 bog bodies (Lair:4)
  A basilisk (Lair:3)
  3 swamp worms (Lair:4)
  A water moccasin (Lair:6)
  A swamp drake (Swamp:1)
  2 orc warriors
  A crocodile (Lair:6)
  A bullfrog (Lair:3)
25 creatures vanquished.

Vanquished Creatures (others)
  A hornet (Swamp:1)
  A spriggan (Swamp:1)
  3 humans (Swamp:1)
  4 hogs (Swamp:1)
  An orc priest (Orc:2)
  2 orcs
  A bush (Lair:6)
  25 fungi
  20 plants (Lair:6)
58 creatures vanquished.

Grand Total: 715 creatures vanquished

Notes
Turn   | Place    | Note
-------+----------+-------------------------------------------
     0 | D:1      | tilp the Merfolk Ice Elementalist began the quest for the
                  | Orb.
     0 | D:1      | Reached XP level 1. HP: 13/13 MP: 3/3
   183 | D:1      | Reached XP level 2. HP: 12/19 MP: 1/5
   229 | D:1      | Learned a level 2 spell: Throw Frost
   397 | D:1      | Reached XP level 3. HP: 13/24 MP: 6/6
   402 | D:1      | Learned a level 3 spell: Ozocubu's Armour
  1103 | D:2      | Reached skill level 5 in Ice Magic
  1328 | D:2      | Reached XP level 4. HP: 30/30 MP: 7/7
  1380 | D:2      | Found a glowing golden altar of the Shining One.
  1707 | D:2      | Found a hide-covered altar of Uskayaw.
  2053 | D:3      | Noticed Terence
  2280 | D:3      | Killed Terence
  2280 | D:3      | Reached XP level 5. HP: 34/35 MP: 1/8
  2706 | D:3      | Reached skill level 1 in Fighting
  3082 | D:4      | Reached XP level 6. HP: 26/44 MP: 4/9
  4167 | D:5      | Entered Level 5 of the Dungeon
  4167 | D:5      | Noticed Pikel
  4167 | D:5      | Noticed a slave
  4167 | D:5      | Noticed a slave
  4167 | D:5      | Noticed a slave
  4239 | D:5      | Noticed a hippogriff
  4270 | D:5      | Killed a hippogriff
  4270 | D:5      | Reached skill level 5 in Dodging
  4270 | D:5      | Reached XP level 7. HP: 27/54 MP: 0/10
  4279 | D:5      | HP: 1/54 [centaur skeleton (8)]
  4617 | D:5      | Reached skill level 3 in Polearms
  4834 | D:5      | Reached skill level 4 in Polearms
  4958 | D:5      | Found a shimmering altar of Xom.
  4961 | D:5      | Found a deep blue altar of Sif Muna.
  4964 | D:5      | Found a burning altar of Makhleb.
  4968 | D:5      | Became a worshipper of Makhleb the Destroyer
  4974 | D:5      | Found a glowing silver altar of Zin.
  5223 | D:5      | Reached skill level 5 in Polearms
  5493 | D:5      | Found a blossoming altar of Fedhas.
  5530 | D:5      | Found a stormy altar of Qazlal.
  5608 | D:6      | Noticed a vampire
  5643 | D:6      | Reached skill level 6 in Polearms
  6018 | D:6      | Reached XP level 8. HP: 60/60 MP: 11/11
  6033 | D:6      | Found a staircase to the Ecumenical Temple.
  6069 | D:6      | Reached skill level 7 in Polearms
  6239 | D:6      | Reached skill level 8 in Polearms
  6354 | D:6      | Reached skill level 9 in Polearms
  6876 | D:7      | Reached skill level 10 in Polearms
  6983 | D:6      | Reached * piety under Makhleb
  6998 | D:7      | Reached skill level 11 in Polearms
  7014 | D:7      | Found a shattered altar of Ashenzari.
  7075 | D:7      | Reached XP level 9. HP: 37/65 MP: 8/12
  7365 | D:7      | Reached skill level 12 in Polearms
  7566 | D:7      | Reached skill level 13 in Polearms
  7668 | D:7      | Noticed a hornet
  7988 | D:8      | Found a shadowy altar of Dithmenos.
  8468 | D:8      | Reached skill level 14 in Polearms
  8746 | D:8      | Reached ** piety under Makhleb
  8856 | D:9      | Found an opulent altar of Gozag.
  8856 | D:9      | Found a sparkling altar of Nemelex Xobeh.
  8863 | D:9      | Reached skill level 1 in Conjurations
  8914 | D:9      | Found a staircase to the Orcish Mines.
  8947 | D:9      | Reached skill level 1 in Charms
  8947 | D:9      | Reached skill level 1 in Invocations
  9027 | D:9      | You fall through a shaft for 3 floors!
  9085 | D:11     | Reached skill level 1 in Evocations
  9235 | D:11     | Found Oweith's Assorted Antiques.
  9243 | D:11     | Bought a potion of heal wounds for 95 gold pieces
  9243 | D:11     | Bought a potion of might for 76 gold pieces
  9243 | D:11     | Bought 2 potions of curing for 114 gold pieces
  9243 | D:11     | Bought a scroll of teleportation for 57 gold pieces
  9245 | D:11     | Noticed a four-headed hydra
  9263 | D:11     | Noticed a troll
  9278 | D:10     | Entered Level 10 of the Dungeon
  9336 | D:10     | Learned a level 4 spell: Throw Icicle
  9340 | D:10     | Learned a level 3 spell: Conjure Flame
  9471 | D:10     | Reached XP level 10. HP: 66/71 MP: 5/14
  9552 | D:9      | Found a staircase to the Lair.
 10170 | D:10     | Noticed Joseph
 10286 | D:10     | Noticed Josephine
 10344 | Lair:1   | Entered Level 1 of the Lair of Beasts
 10398 | Lair:1   | Noticed a spiny frog
 10739 | Lair:1   | Killed a spiny frog
 11402 | Lair:1   | Learned a level 2 spell: Blink
 11704 | Lair:1   | Reached skill level 5 in Invocations
 12058 | Lair:2   | Noticed an elephant
 12058 | Lair:2   | Noticed an elephant
 12058 | Lair:2   | Noticed an elephant
 12058 | Lair:2   | Noticed an elephant
 12058 | Lair:2   | Noticed an elephant
 12084 | Lair:2   | Noticed a black mamba
 12095 | Lair:2   | Killed a black mamba
 12095 | Lair:2   | Reached skill level 5 in Spellcasting
 12095 | Lair:2   | Reached skill level 5 in Evocations
 12193 | Lair:2   | Noticed an eight-headed hydra
 12193 | Lair:2   | Noticed a spiny frog
 12349 | Lair:2   | Reached XP level 11. HP: 77/77 MP: 11/19
 13015 | Lair:2   | Killed an eight-headed hydra
 13180 | Lair:2   | Reached *** piety under Makhleb
 13180 | Lair:2   | Reached skill level 5 in Fighting
 13292 | Lair:2   | Found a shattered altar of Ashenzari.
 13344 | Lair:2   | Noticed a death yak
 13344 | Lair:2   | Noticed a death yak
 13600 | Lair:2   | Identified the Grimoire of Aerial Venom
 13747 | Lair:3   | Noticed a four-headed hydra
 13757 | Lair:3   | Killed a four-headed hydra
 14724 | Lair:4   | Noticed a catoblepas
 15052 | Lair:4   | Found a staircase to the Swamp.
 15814 | Lair:4   | Reached XP level 12. HP: 89/89 MP: 18/21
 15819 | Lair:4   | Found a hole to the Spider Nest.
 15944 | Lair:5   | Noticed a seven-headed hydra
 15958 | Lair:5   | Killed a seven-headed hydra
 15994 | Lair:5   | Noticed a four-headed hydra
 16006 | Lair:5   | Killed a four-headed hydra
 16111 | Lair:5   | Noticed a six-headed hydra
 16120 | Lair:5   | Killed a six-headed hydra
 16889 | D:5      | Killed Pikel
 16965 | D:5      | Found a hazy altar of Hepliaklqana.
 17093 | D:7      | Paralysed by a hornet for 3 turns
 17729 | D:10     | Killed Josephine
 17896 | D:10     | Killed Joseph
 18109 | D:10     | Noticed Fannar
 18144 | D:11     | Killed a four-headed hydra
 18144 | D:11     | Reached skill level 10 in Dodging
 18884 | D:11     | Reached skill level 10 in Ice Magic
 19078 | D:11     | Bought a bardiche for 171 gold pieces
 19078 | D:11     | Bought a scroll labeled HEALUU YGGOUNN for 19 gold pieces
 19078 | D:11     | Bought a potion of haste for 190 gold pieces
 19078 | D:11     | Bought a pearl ring for 95 gold pieces
 19154 | Orc:1    | Entered Level 1 of the Orcish Mines
 19675 | Orc:1    | Found a roughly hewn altar of Beogh.
 19980 | Orc:1    | Reached skill level 15 in Polearms
 20164 | D:9      | Reached XP level 13. HP: 92/98 MP: 14/22
 20668 | Orc:1    | Reached **** piety under Makhleb
 20692 | Orc:1    | Reached skill level 16 in Polearms
 20949 | Orc:1    | Found a roughly hewn altar of Beogh.
 20965 | Orc:2    | Entered Level 2 of the Orcish Mines
 21546 | Orc:2    | Found a runed door.
 21606 | Orc:2    | Found a roughly hewn altar of Beogh.
 21676 | Orc:2    | Noticed George's ghost (journeyman MiFi)
 21693 | Orc:2    | Reached ***** piety under Makhleb
 21759 | Orc:2    | Reached skill level 17 in Polearms
 22175 | Orc:2    | Found a staircase to the Elven Halls.
 22444 | Orc:2    | Reached skill level 18 in Polearms
 22444 | Orc:2    | HP: 2/98 [orc warrior/long sword of holy wrath (31)]
 23637 | Orc:2    | Found Zasaazar's Assorted Antiques.
 23637 | Orc:2    | Found Afahuf's Distillery.
 23640 | Orc:2    | Found Wiuveosi's Armour Shop.
 23640 | Orc:2    | Found Sasigub's Jewellery Emporium.
 23651 | Orc:2    | Bought a scroll labeled QIKLIU HENEOSS for 24 gold pieces
 23654 | Orc:2    | Bought the ring of the Mage {Wiz MR++ Int+3} for 775 gold
                  | pieces
 23654 | Orc:2    | Found the ring of the Mage {Wiz MR++ Int+3}
 23660 | Orc:2    | Bought 2 potions of heal wounds for 110 gold pieces
 23660 | Orc:2    | Bought 2 potions of lignification for 66 gold pieces
 23660 | Orc:2    | Bought a potion of curing for 33 gold pieces
 23660 | Orc:2    | Bought a potion of heal wounds for 55 gold pieces
 23660 | Orc:2    | Bought a potion of curing for 33 gold pieces
 23665 | Orc:2    | Bought a scroll of identify for 48 gold pieces
 23903 | Lair:2   | Reached skill level 19 in Polearms
 24051 | Lair:6   | Entered Level 6 of the Lair of Beasts
 24396 | Lair:6   | Found a staircase to the Slime Pits.
 24396 | Lair:6   | Found a viscous altar of Jiyva.
 24527 | Lair:6   | Reached XP level 14. HP: 77/105 MP: 19/23
 24556 | Lair:6   | Reached skill level 20 in Polearms
 26777 | Lair:6   | Identified Roxanne's Almanac of Unstable Stones
 28238 | D:12     | Noticed Frances
 28590 | D:13     | Found a gate to the Vaults.
 28622 | D:13     | Reached XP level 15. HP: 82/110 MP: 17/26
 29339 | D:13     | Found a glowing silver altar of Zin.
 29424 | D:13     | Reached skill level 5 in Conjurations
 29604 | D:13     | Noticed Azrael
 29662 | D:13     | Killed Azrael
 30592 | D:13     | Learned a level 6 spell: Freezing Cloud
 30595 | D:13     | Learned a level 2 spell: Swiftness
 31042 | D:14     | Reached skill level 10 in Evocations
 32289 | D:15     | Entered Level 15 of the Dungeon
 32675 | D:15     | Reached ****** piety under Makhleb
 33467 | Swamp:1  | Entered Level 1 of the Swamp
 33467 | Swamp:1  | Noticed Kirke
 33479 | Swamp:1  | Killed Kirke
 33505 | Swamp:1  | Noticed Louise
 33531 | Swamp:1  | Killed from afar by Louise

Vault maps used:
D:1:      sevenhm_arrival_forest_fort_small_3
D:2:      eat_drink_and_be_merry_uskayaw, old_standard_altar, first_ration
D:3:      uniq_terence
D:5:      grunt_temple_overflow_forces_of_nature, kennysheep_mini_moat,
          grunt_temple_overflow_cloverleaf, uniq_pikel
D:6:      hangedman_cross_stitches, minmay_temple_entry_from_below_a
D:7:      lemuel_round_altar
D:8:      nicolae_overflow_crystal_walls
D:9:      grunt_temple_overflow_opulence, lair_entry_dummy, orc_0_dummy
D:10:     the_bakery, minmay_misc_feat_five, uniq_josephine, uniq_joseph,
          uniq_fannar
D:11:     serial_shops, nicolae_shop_stone
D:12:     uniq_frances
D:13:     lightli_vaults_fourway_checkpoint, basic_altar, uniq_azrael
D:14:     serial_park_avenue1, st_stairs_12
D:15:     grunt_enter_depths_hoard, kennysheep_crisscross, serial_glass,
          glass_columns_b, glass_columns_a, uniq_agnes
Lair:1:   grunt_forest_stairs_basic, grunt_megastairs_4, lemuel_fruit_tree
Lair:2:   basic_altar, grunt_megastairs_1
Lair:3:   grunt_megastairs_5, serial_bayou_shore_b, infiniplex_staircase_pool
Lair:4:   nicolae_swamp_entry_splash_gauntlet, nicolae_spider_entry_non_spiders
Lair:6:   evilmike_catoblepas_cave, slime_altar_1, st_stairs_7
Swamp:1:  gammafunk_ghost_cemetery, hangedman_swamp_ruin_wall, uniq_louise,
          uniq_kirke
Orc:1:    basic_altar, minmay_orc_temple_a
Orc:2:    grunt_orc_tribal_feast, basic_altar, ebering_ghost_inner_flame

Skill      XL: |  1  2  3  4  5  6  7  8  9 10 11 12 13 14 15 |
---------------+----------------------------------------------+-----
Ice Magic      | 4 5 6 8 10 12 14 | 14.2
Dodging        | 3 5 6 8 10 | 10.1
Fighting       | 2 4 6 8 |  8.0
Polearms       | 6 11 14 15 19 20 | 20.0
Conjurations   | 1 2 4 6 |  6.0
Charms         | 2 4 |  4.0
Invocations    | 2 5 |  5.0
Evocations     | 1 5 6 8 9 10 | 10.0
Spellcasting   | 5 6 7 9 |  9.1
Stealth        | |  2.1

Action                   |  1- 3 |  4- 6 |  7- 9 | 10-12 | 13-15 || total
-------------------------+-------+-------+-------+-------+-------++-------
Melee: Mace              |    77 |   135 |   212 |       |       ||   424
       Trident           |       |       |   132 |   851 |    46 ||  1029
       Glaive            |       |       |       |       |  1350 ||  1350
       Scimitar          |       |       |       |       |    27 ||    27
       Tailslap          |       |       |       |       |     1 ||     1
Throw: Stone             |       |       |     1 |       |       ||     1
       Tomahawk          |       |       |     1 |    15 |    10 ||    26
 Cast: Freeze            |    15 |    25 |    91 |   123 |    24 ||   278
       Throw Frost       |     2 |     2 |     3 |    24 |     6 ||    37
       Ozocubu's Armour  |       |     3 |     9 |    61 |    78 ||   151
       Conjure Flame     |       |       |       |    23 |    35 ||    58
       Throw Icicle      |       |       |       |    23 |    45 ||    68
Invok: Minor Destruction |       |       |       |     7 |       ||     7
       Lesser Servant of |       |       |       |    13 |    17 ||    30
Evoke: Wand              |       |       |     1 |     2 |     4 ||     7
       Sack of spiders   |       |       |       |     2 |     1 ||     3
       Lamp of fire      |       |       |       |       |     2 ||     2
  Use: Scroll            |       |    15 |     7 |    12 |     6 ||    40
       Potion            |       |       |     2 |     2 |    18 ||    22
 Stab: Sleeping          |     6 |     7 |     6 |     7 |     4 ||    30
       Paralysed         |       |       |       |     6 |       ||     6
       Distracted        |       |       |       |     5 |     3 ||     8
  Eat: Chunk             |     2 |     9 |    19 |    30 |    35 ||    95
       Ration            |       |       |     1 |     4 |     4 ||     9
Armor: Robe              |    16 |    45 |    94 |   190 |   339 ||   684
       Skin              |       |       |       |       |    10 ||    10
Dodge: Dodged            |    95 |   142 |   344 |   554 |  1083 ||  2218
       Rpst.: Scimitar   |       |       |       |       |    12 ||    12

Table legend:
 A = Non-vault XP
 B = Vault XP
 C = Vault XP percentage of total XP
 D = Non-vault monster count
 E = Vault monster count
 F = Vault count percentage of total count
                 A         B        C        D         E       F
            +---------+---------+-------+---------+---------+-------
      Total |   90498 |   33505 |  27.0 |     541 |     116 |  17.7
            +---------+---------+-------+---------+---------+-------
        D:1 |      58 |       0 |   0.0 |      28 |       0 |   0.0
        D:2 |      63 |       0 |   0.0 |      26 |       0 |   0.0
        D:3 |      66 |      36 |  35.3 |      25 |       1 |   3.8
        D:4 |     236 |       0 |   0.0 |      10 |       0 |   0.0
        D:5 |     773 |     617 |  44.4 |      15 |       1 |   6.2
        D:6 |     670 |     179 |  21.1 |      13 |       6 |  31.6
        D:7 |    1541 |       0 |   0.0 |      25 |       0 |   0.0
        D:8 |     652 |       0 |   0.0 |      22 |       0 |   0.0
        D:9 |    3013 |       0 |   0.0 |      31 |       0 |   0.0
       D:10 |     883 |    2148 |  70.9 |      15 |       6 |  28.6
       D:11 |    4157 |       0 |   0.0 |      31 |       0 |   0.0
       D:12 |    2149 |       0 |   0.0 |      17 |       0 |   0.0
       D:13 |    6034 |    6423 |  51.6 |      29 |      19 |  39.6
       D:14 |   11703 |     581 |   4.7 |      36 |       1 |   2.7
       D:15 |    9392 |       0 |   0.0 |      22 |       0 |   0.0
     Lair:1 |    1965 |     659 |  25.1 |       8 |       2 |  20.0
     Lair:2 |    9233 |     814 |   8.1 |      21 |       2 |   8.7
     Lair:3 |    2666 |     316 |  10.6 |      13 |       2 |  13.3
     Lair:4 |    3157 |     934 |  22.8 |      10 |      13 |  56.5
     Lair:5 |    3312 |       0 |   0.0 |       6 |       0 |   0.0
     Lair:6 |   17507 |   12016 |  40.7 |      43 |      26 |  37.7
    Swamp:1 |    1678 |    2024 |  54.7 |       4 |       1 |  20.0
      Orc:1 |    5714 |     137 |   2.3 |      55 |       7 |  11.3
      Orc:2 |    3876 |    6621 |  63.1 |      36 |      29 |  44.6
            +---------+---------+-------+---------+---------+-------
